 Dungeon Sprint DCSS version 0.17-a0-1753-g75d4604 (webtiles) character file.

424 KambridgeKobold the Martial Artist (level 6, -6/68 HPs)
             Began as a Hill Orc Monk on Sept 2, 2015.
             Was a Believer of Okawaru.
             Mangled by a slime creature (22 damage)
             ... in the Dungeon (Sprint I: "Red Sonja").
             The game lasted 00:02:39 (534 turns).

KambridgeKobold the Martial Artist (Hill Orc Monk)   Turns: 534, Time: 00:02:39

Health: -6/68      AC:  2    Str: 14    XL:     6   Next: 96%
Magic:  6/6        EV: 13    Int: 10    God:    Okawaru [**....]
Gold:   304        SH:  0    Dex: 15    Spells: 0 memorised, 5 levels left

rFire  . . .     SeeInvis .       - Unarmed
rCold  . . .     Clarity  .     a - +0 robe
rNeg   . . .     SustAt   .     (no shield)
rPois  .         Gourm    .     (no helmet)
rElec  .         Spirit   .     (no cloak)
rCorr  .         Warding  .     (no gloves)
rMut   .         NoTele   +     (no boots)
MR     .....                    (no amulet)
Stlth  ++........               (no ring)
                                (no ring)

@: not resistant to hostile enchantments, unstealthy
A: no striking features
a: Heroism, Renounce Religion


You were in the Dungeon.
You worshipped Okawaru.
Okawaru was pleased with you.
You were not hungry.

You visited 1 branch You collected 304 gold pieces.

Inventory:

Armour
 a - a +0 robe (worn)
Scrolls
 h - a scroll of blinking
Potions
 c - a potion of curing
 d - a potion of heal wounds
 e - a potion of haste
 f - 2 potions of magic
 g - a potion of berserk rage
 j - 2 potions of poison {unknown}
Comestibles
 b - a bread ration


   Skills:
 + Level 11.0 Fighting
 - Level 2.4 Dodging
 - Level 1.5 Stealth
 + Level 12.7 Unarmed Combat


You had 5 spell levels left.
You didn't know any spells.

Dungeon Overview and Level Annotations

Branches:
Dungeon (1/1)

Altars:
Cheibriados
Dithmenos
Elyvilon
Fedhas
Gozag
Kikubaaqudgha
Makhleb
Nemelex Xobeh
Okawaru
Qazlal
Ru
Sif Muna
Trog
Vehumet
Xom
Yredelemnul
Zin
The Shining One
Jiyva

Shops:
D (


Message History

The slime creature is moderately wounded.
You hit the slime creature. Your punch misses the slime creature.
The slime creature is moderately wounded.
The slime creature hits you!
You hit the slime creature.
The slime creature is moderately wounded.
The slime creature hits you.
You hit the slime creature.
The slime creature is heavily wounded.
The slime creature misses you.
You hit the slime creature.
The slime creature is heavily wounded.
You punch the slime creature!
The slime creature is heavily wounded.
The slime creature hits you!!
* * * LOW HITPOINT WARNING * * *
You hit the slime creature. You punch the slime creature!
The slime creature is almost dead.
The slime creature hits you!!
You die...

################ ##
#<.#..'..#..'..#__#
#..)..#.)').#.@J..+
#..#####'#####'#__#
#..####..#...#(# ##
#..#__####..##.#
#..#_..__##'#..+
#⌠⌠#_.∩...'..._#
####_..._##_.#'#
#_____###+#.#
####### ###


You could see a slime creature.

Vanquished Creatures
  Sigmund (D)
  A yak (D)
  An ogre (D)
  A jelly (D)
  Ijyb (D)
5 creatures vanquished.

Notes
Turn   | Place    | Note
--------------------------------------------------------------
     0 | D        | KambridgeKobold the Hill Orc Monk began the quest for the Orb.
     0 | D        | Reached XP level 1. HP: 19/19 MP: 1/1
     1 | D        | Noticed Ijyb
    16 | D        | Killed Ijyb
    16 | D        | Reached skill level 5 in Fighting
    16 | D        | Reached skill level 7 in Unarmed Combat
    16 | D        | Reached XP level 2. HP: 5/29 MP: 2/2
    16 | D        | Reached XP level 3. HP: 6/36 MP: 3/3
   262 | D        | Noticed an ogre
   267 | D        | Killed an ogre
   267 | D        | Reached skill level 9 in Unarmed Combat
   267 | D        | Reached XP level 4. HP: 26/47 MP: 4/4
   276 | D        | Noticed Sigmund
   285 | D        | Killed Sigmund
   285 | D        | Reached skill level 11 in Unarmed Combat
   285 | D        | Reached XP level 5. HP: 26/57 MP: 5/5
   285 | D        | Reached XP level 6. HP: 28/63 MP: 6/6
   467 | D        | Found a deep blue altar of Sif Muna.
   468 | D        | Noticed a jelly
   469 | D        | Found a radiant altar of Vehumet.
   472 | D        | Killed a jelly
   496 | D        | Found Koacoecs's Weapon Emporium.
   496 | D        | Found a white marble altar of Elyvilon.
   496 | D        | Found a stormy altar of Qazlal.
   496 | D        | Found a basalt altar of Yredelemnul.
   496 | D        | Found an iron altar of Okawaru.
   496 | D        | Found a sparkling altar of Nemelex Xobeh.
   496 | D        | Found a shimmering altar of Xom.
   496 | D        | Found an ancient bone altar of Kikubaaqudgha.
   496 | D        | Noticed a yak
   497 | D        | Found a burning altar of Makhleb.
   497 | D        | Found a sacrificial altar of Ru.
   497 | D        | Found a glowing golden altar of the Shining One.
   497 | D        | Found an opulent altar of Gozag.
   497 | D        | Found a glowing silver altar of Zin.
   503 | D        | Killed a yak
   503 | D        | Reached skill level 12 in Unarmed Combat
   504 | D        | Found a bloodstained altar of Trog.
   510 | D        | Became a worshipper of Warmaster Okawaru
   510 | D        | Acquired Okawaru's first power
   522 | D        | Found a snail-covered altar of Cheibriados.
   522 | D        | Found a viscous altar of Jiyva.
   522 | D        | Found a shadowy altar of Dithmenos.
   522 | D        | Found a blossoming altar of Fedhas.
   522 | D        | Noticed a slime creature
   534 | D        | Mangled by a slime creature

Vault maps used:
D:        dungeon_sprint_1

Action                   |  1- 3 |  4- 6 || total
-------------------------+-------+-------++-------
Melee: Unarmed           |    17 |    24 ||    41
 Stab: Sleeping          |       |     1 ||     1
